 Dungeon Crawl Stone Soup version 0.24-a0-280-g7cec4da (webtiles) character file.

Game seed: 15876761335634293186

664 Faates the Skirmisher (level 7, -3/61 HPs)
             Began as a Minotaur Fighter on May 6, 2019.
             Slain by Axe's ghost (16 damage)
             ... on level 5 of the Dungeon.
             The game lasted 00:23:09 (3859 turns).

Faates the Skirmisher (Minotaur Fighter)            Turns: 3859, Time: 00:23:10

Health: -3/61      AC:  8    Str: 22      XL:     7   Next: 31%
Magic:  6/6        EV:  8    Int:  5      God:
Gold:   193        SH: 10    Dex:  9 (10) Spells: 6/6 levels left

rFire    + . .     SeeInvis .   h - +3 spear
rCold    x . .     Gourm    .   c - +0 shield
rNeg     . . .     Faith    .   b - +0 scale mail
rPois    .         Spirit   .   (helmet restricted)
rElec    .         Reflect  .   (no cloak)
rCorr    .         Harm     +   i - +0 pair of gloves
MR       .....                  (no boots)
Stlth    ..........             e - amulet of harm
HPRegen  0.20/turn              l - ring of fire
MPRegen  0.10/turn              (no ring)

@: no status effects
A: retaliatory headbutt, horns 2
a: no special abilities


You were on level 5 of the Dungeon.
You were very hungry.

You visited 1 branch of the dungeon, and saw 5 of its levels.

You collected 193 gold pieces.

Inventory:

Hand Weapons
 a - a +0 flail
 h - a +3 spear (weapon)
Armour
 b - a +0 scale mail (worn)
 c - a +0 shield (worn)
 i - a +0 pair of gloves (worn)
Jewellery
 e - an amulet of harm (around neck)
 l - a ring of fire (left hand)
Scrolls
 g - 2 scrolls of fog
 j - 2 scrolls of remove curse
 k - 3 scrolls of teleportation
Potions
 d - a potion of might
 m - a potion of mutation {unknown}
Comestibles
 f - 9 rations


   Skills:
 * Level 5.4 Fighting
 - Level 4.1 Maces & Flails
 * Level 5.2 Polearms
 + Level 4.8 Armour
 + Level 2.1 Dodging
 + Level 5.3 Shields


You had 6 spell levels left.
You didn't know any spells.
Your spell library was empty.

Dungeon Overview and Level Annotations

Branches:
Dungeon (5/15)
 Temple: D:4-7

Altars:
Sif Muna
The Shining One

Annotations:
D:5 Axe's ghost, novice NaFi


Innate Abilities, Weirdness & Mutations

You reflexively headbutt those who attack you in melee.
You have a pair of horns on your head.


Message History

Axe's ghost hits you.
The hound zombie bites you but does no damage.
You hit Axe's ghost but do no damage. You headbutt Axe's ghost.
Axe's ghost is lightly damaged.
You block the howler monkey skeleton's attack.
Axe's ghost hits you but does no damage.
The hound zombie bites you.
You hit Axe's ghost but do no damage.
Axe's ghost is lightly damaged.
The hound zombie closely misses you.
The howler monkey skeleton barely misses you.
Axe's ghost hits you but does no damage.
You are electrocuted!!
* * * LOW HITPOINT WARNING * * *
You feel better. You block the hound zombie's attack.
The howler monkey skeleton hits you but does no damage.
Axe's ghost hits you.
* * * LOW HITPOINT WARNING * * *
You are electrocuted!
You die...

##..+...+
...#...# ......#
##.....#
#<...### # #
#....#.#.#.#
#....#.....#
#####...ZZ..$##
#/.....@WZ..).#
###..#..Z....##
[.......#.....#
#####.#..#.#.#.#
#..#.##### #
##+#+#


You could see Axe's ghost, an adder zombie, a hound zombie, a centaur zombie and
a howler monkey skeleton.

Vanquished Creatures
  A black bear (D:3)
  An ogre (D:3)
  A howler monkey (D:4)
  2 orc priests (D:3)
  2 hounds (D:4)
  An iguana (D:4)
  Natasha (thrice) (D:2)
  6 gnolls
  5 adders
  An ooze (D:3)
  An adder skeleton (D:4)
  5 worms
  4 dart slugs
  3 leopard geckos
  An orc (D:3)
  5 giant cockroaches
  14 goblins
  11 hobgoblins
  3 jackals (D:3)
  2 quokkas (D:2)
  A ball python (D:3)
  14 bats
  3 frilled lizards
  12 kobolds
  7 rats
109 creatures vanquished.

Notes
Turn   | Place    | Note
-------+----------+-------------------------------------------
     0 | D:1      | Faates the Minotaur Fighter began the quest for the Orb.
     0 | D:1      | Reached XP level 1. HP: 19/19 MP: 0/0
   202 | D:1      | Reached XP level 2. HP: 27/27 MP: 1/1
   392 | D:1      | Reached XP level 3. HP: 31/33 MP: 2/2
   998 | D:2      | Reached XP level 4. HP: 40/40 MP: 3/3
  1000 | D:2      | Reached skill level 1 in Dodging
  1038 | D:2      | Found a faded altar of an unknown god.
  1112 | D:2      | Noticed Natasha
  1130 | D:2      | Killed Natasha
  1298 | D:2      | Reached skill level 1 in Polearms
  1346 | D:2      | Reached XP level 5. HP: 41/46 MP: 4/4
  1428 | D:2      | Noticed Natasha
  1439 | D:2      | Killed Natasha
  1452 | D:2      | Noticed Natasha
  1458 | D:2      | Killed Natasha
  2071 | D:3      | Found a glowing golden altar of the Shining One.
  2091 | D:3      | HP: 1/47 [worm (9)]
  2602 | D:3      | Noticed an ogre
  2612 | D:3      | Killed an ogre
  2612 | D:3      | Reached skill level 5 in Shields
  2612 | D:3      | Reached XP level 6. HP: 53/53 MP: 5/5
  2665 | D:3      | Reached skill level 5 in Fighting
  2928 | D:3      | Found a deep blue altar of Sif Muna.
  3066 | D:3      | Reached XP level 7. HP: 56/61 MP: 6/6
  3552 | D:4      | Reached skill level 5 in Polearms
  3840 | D:5      | Entered Level 5 of the Dungeon
  3840 | D:5      | Found a runed translucent gate.
  3840 | D:5      | Found a runed translucent gate.
  3840 | D:5      | Found a runed translucent gate.
  3847 | D:5      | Noticed Axe's ghost (novice NaFi)
  3859 | D:5      | Slain by Axe's ghost

Levels and vault maps discovered:
D:1:      dpeg_cavernosity, layout_basic
D:2:      layout_basic, chequers_ecumenical_altar_simple, uniq_natasha
D:3:      layout_basic, lemuel_doored_altar, tso_metal_star, serial_rivers,
          chequers_serial_rivers_marsh, chequers_serial_rivers_micro_b,
          chequers_serial_rivers_micro_e, chequers_serial_rivers_micro_b,
          corexii_shack
D:4:      layout_loops_corners, overflow_temple_1_default, grunt_ministairs_5
D:5:      layout_basic, temple_doors_e, gammafunk_ghost_necromancy, first_ration

Skill      XL: |  1  2  3  4  5  6  7 |
---------------+----------------------+-----
Shields        | 4 5 |  5.3
Maces & Flails | 3 4 |  4.1
Fighting       | 4 5 |  5.4
Dodging        | 1 2 |  2.1
Armour         | 4 |  4.8
Polearms       | 1 3 4 5 |  5.2

Action                   |  1- 3 |  4- 6 |  7- 9 || total
-------------------------+-------+-------+-------++-------
Melee: Flail             |   104 |     3 |       ||   107
       Headbutt          |    11 |    26 |     6 ||    43
       Spear             |       |   161 |    63 ||   224
  Use: Scroll            |     5 |     2 |     1 ||     8
       Potion            |     1 |     5 |     1 ||     7
  Eat: Chunk             |       |     2 |       ||     2
       Ration            |       |     2 |       ||     2
Armor: Scale mail        |    69 |    80 |    28 ||   177
Dodge: Dodged            |    35 |    58 |    13 ||   106
Block: Shield            |    65 |    67 |    31 ||   163

Table legend:
 A = Non-vault XP
 B = Vault XP
 C = Vault XP percentage of total XP
 D = Non-vault monster count
 E = Vault monster count
 F = Vault count percentage of total count
                 A         B        C        D         E       F
            +---------+---------+-------+---------+---------+-------
      Total |     901 |      48 |   5.1 |     102 |       7 |   6.4
            +---------+---------+-------+---------+---------+-------
        D:1 |      57 |       6 |   9.5 |      33 |       4 |  10.8
        D:2 |     193 |      35 |  15.4 |      31 |       1 |   3.1
        D:3 |     458 |       2 |   0.4 |      32 |       1 |   3.0
        D:4 |     193 |       5 |   2.5 |       6 |       1 |  14.3
            +---------+---------+-------+---------+---------+-------
